3AA
TACOMA FUR TRADERS @ ATLANTIC CITY SONICS
08/16/2021
 
TOP OF THE 1ST
Tacoma Fur Traders batting - Pitching for Atlantic City Sonics : RHP Jason Ackerman
Pitching: RHP Jason Ackerman
Batting: RHB Tony Romero 0-0: Ball
1-0: Bunt for hit - play at first, batter safe!
Batting: RHB Cristo González 0-0: Ball
1-0: Ball
2-0: Ball
3-0: Called Strike
3-1: Base on Balls
Tony Romero to second
Batting: RHB Jim Unknown 0-0: Foul Ball, location: 2F
0-1: Ball
1-1: Foul Ball, location: 2F
1-2: Ball
2-2: Strikes out swinging
Batting: RHB Mario Castillo 0-0: Fly out, F8 (Flyball, 8RM)
Batting: LHB Jim Unknown 0-0: SINGLE (Line Drive, 78S)
Tony Romero to third
Cristo González to second
Runner from 3rd tries for Home, SAFE, no throw or cutoff
Batting: RHB Gonzalo Manuel 0-0: Ball
1-0: Ball
2-0: Ball
3-0: Called Strike
3-1: Base on Balls
Cristo González to third
Jim Unknown to second
Batting: LHB Jim Unknown 0-0: Swinging Strike
0-1: Foul Ball, location: 2F
0-2: Foul Ball, location: 2F
0-2: Ball
1-2: Ball
2-2: Ball
3-2: Foul Ball, location: 2F
3-2: Base on Balls
Cristo González scores
Jim Unknown to third
Gonzalo Manuel to second
Batting: RHB Jim Unknown 0-0: Swinging Strike
0-1: Fly out, F4 (Line Drive, 4M)
Top of the 1st over - 2 run(s), 2 hit(s), 0 error(s), 3 left on base; Tacoma 2 - Atlantic City 0
BOTTOM OF THE 1ST
Atlantic City Sonics batting - Pitching for Tacoma Fur Traders : RHP Jeff Lee
Pitching: RHP Jeff Lee
Batting: LHB Mark Evans 0-0: Ball
1-0: Foul Ball, location: 2F
1-1: Ball
2-1: Ball
3-1: Called Strike
3-2: Foul Ball, location: 2F
3-2: SINGLE (Line Drive, 6D)
Batting: RHB Patrizio Vanali 0-0: Called Strike
0-1: SINGLE (Groundball, 6MD)
Mark Evans to second
Runner from 2nd tries for 3rd, SAFE, no throw or cutoff
Batting: RHB Bartolo Morales 0-0: Swinging Strike
0-1: SINGLE (Flyball, 7S)
Mark Evans scores
Patrizio Vanali to second
Batting: LHB Héctor Torres 0-0: Ball
1-0: Foul Ball, location: 2F
1-1: Grounds into double play, 6-4-3 (Groundball, 6M)
Patrizio Vanali to third
Batting: RHB Martín Álvarez 0-0: Called Strike
0-1: Ground out 6-3 (Groundball, 6M)
Bottom of the 1st over - 1 run(s), 3 hit(s), 0 error(s), 1 left on base; Tacoma 2 - Atlantic City 1
TOP OF THE 2ND
Tacoma Fur Traders batting - Pitching for Atlantic City Sonics : RHP Jason Ackerman
Batting: RHB Ronald Hines 0-0: Ground out 1-3 (Groundball, 13)
Batting: RHB Tony Romero 0-0: Called Strike
0-1: Fly out, F8 (Flyball, 8LM)
Batting: RHB Cristo González 0-0: Ball
1-0: DOUBLE (Line Drive, 7LM)
Batting: RHB Jim Unknown 0-0: Ball
1-0: Ball
2-0: Fly out, F2 (Popup, 2LF)
Top of the 2nd over - 0 run(s), 1 hit(s), 0 error(s), 1 left on base; Tacoma 2 - Atlantic City 1
BOTTOM OF THE 2ND
Atlantic City Sonics batting - Pitching for Tacoma Fur Traders : RHP Jeff Lee
Batting: RHB Stephen Blair 0-0: Ball
1-0: Ball
2-0: Foul Ball, location: 2F
2-1: Foul Ball, location: 2F
2-2: Strikes out looking
Batting: LHB Kip Burks 0-0: Called Strike
0-1: Ball
1-1: Foul Ball, location: 2F
1-2: Foul Ball, location: 2F
1-2: Fly out, F5 (Popup, 5S)
Batting: RHB Brad Jacobson 0-0: Ball
1-0: SOLO HOME RUN (Flyball, 7D), Distance : 390 ft
Batting: RHB Robbie Chambers 0-0: Called Strike
0-1: Ball
1-1: Ball
2-1: Swinging Strike
2-2: SINGLE (Groundball, 6) (infield hit)
Batting: LHB Mark Evans 0-0: Ball
1-0: Ball
2-0: Called Strike
2-1: Ball
3-1: Foul Ball, location: 2F
3-2: Base on Balls
Robbie Chambers to second
Batting: RHB Patrizio Vanali 0-0: Ball
1-0: Ground out 6-3 (Groundball, 6)
Bottom of the 2nd over - 1 run(s), 2 hit(s), 0 error(s), 2 left on base; Tacoma 2 - Atlantic City 2
TOP OF THE 3RD
Tacoma Fur Traders batting - Pitching for Atlantic City Sonics : RHP Jason Ackerman
Batting: RHB Mario Castillo 0-0: Ground out 5-3 (Groundball, 56)
Batting: LHB Jim Unknown 0-0: SINGLE (Line Drive, 34)
Batting: RHB Gonzalo Manuel 0-0: Called Strike
0-1: Called Strike
0-2: Strikes out swinging
Batting: LHB Jim Unknown 0-0: Called Strike
0-1: Swinging Strike
0-2: Ball
1-2: Ball
2-2: Strikes out swinging
Top of the 3rd over - 0 run(s), 1 hit(s), 0 error(s), 1 left on base; Tacoma 2 - Atlantic City 2
BOTTOM OF THE 3RD
Atlantic City Sonics batting - Pitching for Tacoma Fur Traders : RHP Jeff Lee
Batting: RHB Bartolo Morales 0-0: Called Strike
0-1: Ball
1-1: Fly out, F7 (Line Drive, 78S)
Batting: LHB Héctor Torres 0-0: SOLO HOME RUN (Flyball, 89XD), Distance : 419 ft
Batting: RHB Martín Álvarez 0-0: SINGLE (Groundball, 6)
Batting: RHB Stephen Blair 0-0: Ball
1-0: Ball
2-0: Ball
3-0: Called Strike
3-1: Called Strike
3-2: Ground out 4-3 (Groundball, 4M)
Martín Álvarez to second
Batting: LHB Kip Burks 0-0: Called Strike
0-1: SINGLE (Groundball, 56D)
Martín Álvarez to third
Runner from 3rd tries for Home, SAFE, throw made home
Kip Burks to second
Batting: RHB Brad Jacobson 0-0: Called Strike
0-1: Called Strike
0-2: Fly out, F9 (Line Drive, 89M)
Bottom of the 3rd over - 2 run(s), 3 hit(s), 0 error(s), 1 left on base; Tacoma 2 - Atlantic City 4
TOP OF THE 4TH
Tacoma Fur Traders batting - Pitching for Atlantic City Sonics : RHP Jason Ackerman
Batting: RHB Jim Unknown 0-0: Called Strike
0-1: Ball
1-1: DOUBLE (Flyball, 89D)
Batting: RHB Ronald Hines 0-0: SINGLE (Line Drive, 6MD)
Jim Unknown to third
Batting: RHB Tony Romero 0-0: Fly out, F8 (Flyball, 8RM)
Runner from 3rd tags up, SCORES, throw made
Batting: RHB Cristo González 0-0: Called Strike
0-1: Ball
1-1: Ball
2-1: Fly out, F9 (Flyball, 9M)
Batting: RHB Jim Unknown 0-0: SINGLE (Flyball, 8RS)
Ronald Hines to second
Batting: RHB Mario Castillo 0-0: Foul Ball, location: 2F
0-1: Ball
1-1: Foul Ball, location: 2F
1-2: Ball
2-2: 3-RUN HOME RUN (Line Drive, 78XD), Distance : 423 ft
Pitching: RHP R.J. Anderson
Batting: LHB Jim Unknown 0-0: Foul Ball, location: 2F
0-1: Ball
1-1: Ball
2-1: Ground out 4-3 (Groundball, 4)
Top of the 4th over - 4 run(s), 4 hit(s), 0 error(s), 0 left on base; Tacoma 6 - Atlantic City 4
BOTTOM OF THE 4TH
Atlantic City Sonics batting - Pitching for Tacoma Fur Traders : RHP Jeff Lee
Batting: RHB Robbie Chambers 0-0: SINGLE (Line Drive, 4MD)
Batting: LHB Mark Evans 0-0: Ball
1-0: Fly out, F3 (Line Drive, 3L)
1-0: Lined into DP, U3 (Line Drive, 3L)
Batting: RHB Patrizio Vanali 0-0: Foul Ball, location: 2F
0-1: Foul Ball, location: 2F
0-2: Ball
1-2: Foul Ball, location: 2F
1-2: SOLO HOME RUN (Line Drive, 78XD), Distance : 422 ft
Batting: RHB Bartolo Morales 0-0: Called Strike
0-1: Fly out, F6 (Popup, 6S)
Bottom of the 4th over - 1 run(s), 2 hit(s), 0 error(s), 0 left on base; Tacoma 6 - Atlantic City 5
TOP OF THE 5TH
Tacoma Fur Traders batting - Pitching for Atlantic City Sonics : RHP R.J. Anderson
Batting: RHB Gonzalo Manuel 0-0: Ball
1-0: Ball
2-0: SINGLE (Line Drive, 56D)
Batting: LHB Jim Unknown 0-0: Called Strike
0-1: Swinging Strike
0-2: Ball
1-2: Ball
2-2: Foul Ball, location: 2F
2-2: Ball
3-2: Foul Ball, location: 2F
3-2: Strikes out swinging
Gonzalo Manuel steals 2nd base
Batter strikes out.
Batting: RHB Jim Unknown 0-0: Ball
1-0: Swinging Strike
1-1: Foul Ball, location: 2F
1-2: Foul Ball, location: 2F
1-2: Ball
2-2: Foul Ball, location: 2F
2-2: Strikes out swinging
Batting: RHB Ronald Hines 0-0: SINGLE (Groundball, 34)
Gonzalo Manuel to third
Runner from 3rd tries for Home, SAFE, no throw or cutoff
Batting: RHB Tony Romero 0-0: Ball
1-0: Swinging Strike
1-1: Ball
Wild Pitch!
Ronald Hines to second
2-1: Fly out, F8 (Flyball, 8LS)
Top of the 5th over - 1 run(s), 2 hit(s), 0 error(s), 1 left on base; Tacoma 7 - Atlantic City 5
BOTTOM OF THE 5TH
Atlantic City Sonics batting - Pitching for Tacoma Fur Traders : RHP Jeff Lee
Batting: LHB Héctor Torres 0-0: Ground out U3 (Groundball, 3)
Batting: RHB Martín Álvarez 0-0: Ball
1-0: Ground out 6-3 (Groundball, 6)
Batting: RHB Stephen Blair 0-0: Ball
1-0: Ground out 5-3 (Groundball, 56)
Bottom of the 5th over - 0 run(s), 0 hit(s), 0 error(s), 0 left on base; Tacoma 7 - Atlantic City 5
TOP OF THE 6TH
Tacoma Fur Traders batting - Pitching for Atlantic City Sonics : RHP R.J. Anderson
Batting: RHB Cristo González 0-0: Called Strike
0-1: TRIPLE (Line Drive, 78M)
Batting: RHB Jim Unknown 0-0: Ground out 5-3 (Groundball, 5S)
Batting: RHB Mario Castillo 0-0: Ball
1-0: Ball
2-0: Fly out, F7 (Flyball, 7D)
Runner from 3rd tags up, SCORES, no throw
Batting: LHB Jim Unknown 0-0: Ball
1-0: Called Strike
1-1: Foul Ball, location: 2F
1-2: Foul Ball, location: 2F
1-2: Fly out, F8 (Line Drive, 8RD)
Top of the 6th over - 1 run(s), 1 hit(s), 0 error(s), 0 left on base; Tacoma 8 - Atlantic City 5
BOTTOM OF THE 6TH
Atlantic City Sonics batting - Pitching for Tacoma Fur Traders : RHP Jeff Lee
Batting: LHB Kip Burks 0-0: SINGLE (Groundball, 4MD)
Batting: RHB Brad Jacobson 0-0: Called Strike
0-1: Ball
1-1: Ball
2-1: Ball
3-1: Base on Balls
Kip Burks to second
Batting: RHB Robbie Chambers 0-0: Ball
1-0: Ball
2-0: Foul Ball, location: 2F
2-1: Swinging Strike
2-2: Grounds into double play, 1-6-3 (Groundball, 13)
Kip Burks to third
Batting: LHB Mark Evans 0-0: Ball
1-0: Called Strike
1-1: Ground out 4-3 (Groundball, 4)
Bottom of the 6th over - 0 run(s), 1 hit(s), 0 error(s), 1 left on base; Tacoma 8 - Atlantic City 5
TOP OF THE 7TH
Tacoma Fur Traders batting - Pitching for Atlantic City Sonics : RHP R.J. Anderson
Batting: RHB Gonzalo Manuel 0-0: Ball
1-0: Called Strike
1-1: Ball
2-1: Ball
3-1: Foul Ball, location: 2F
3-2: Fly out, F5 (Popup, 5SF)
Batting: LHB Jim Unknown 0-0: Called Strike
0-1: Called Strike
0-2: Foul Ball, location: 2F
0-2: Ball
1-2: Foul Ball, location: 2F
1-2: Ball
2-2: Fly out, F9 (Popup, 4D)
Batting: RHB Jim Unknown 0-0: Ball
1-0: Ball
2-0: SINGLE (Groundball, 4MD)
Batting: RHB Ronald Hines 0-0: Ball
1-0: Called Strike
1-1: Ball
2-1: Foul Ball, location: 2F
2-2: Ground out 5-3 (Groundball, 15S)
Top of the 7th over - 0 run(s), 1 hit(s), 0 error(s), 1 left on base; Tacoma 8 - Atlantic City 5
BOTTOM OF THE 7TH
Atlantic City Sonics batting - Pitching for Tacoma Fur Traders : RHP Jeff Lee
Batting: RHB Patrizio Vanali 0-0: Ball
1-0: Ball
2-0: Ball
3-0: Base on Balls
Batting: RHB Bartolo Morales 0-0: Called Strike
0-1: Ball
1-1: Fielders Choice at 2nd, 1-4 (Groundball, 15)
Batting: LHB Héctor Torres 0-0: Ball
1-0: Ball
2-0: Called Strike
2-1: Ball
Bartolo Morales is caught stealing 2nd base
3-1: Foul Ball, location: 2F
3-2: Ground out U3 (Groundball, 3S)
Bottom of the 7th over - 0 run(s), 0 hit(s), 0 error(s), 0 left on base; Tacoma 8 - Atlantic City 5
TOP OF THE 8TH
Tacoma Fur Traders batting - Pitching for Atlantic City Sonics : RHP R.J. Anderson
Batting: RHB Tony Romero 0-0: SINGLE (Groundball, 6MD) (infield hit)
Batting: RHB Cristo González 0-0: Called Strike
0-1: Ball
1-1: Ball
2-1: Bunted foul
2-2: Ball
3-2: SINGLE (Line Drive, 78S)
Tony Romero to second
Batting: RHB Jim Unknown 0-0: Ball
1-0: Ball
2-0: Ball
3-0: Called Strike
3-1: Foul Ball, location: 2F
3-2: 3-RUN HOME RUN (Flyball, 78XD), Distance : 405 ft
Pitching: LHP Miguel Canó
Batting: RHB Mario Castillo 0-0: Called Strike
0-1: SINGLE (Groundball, 4M)
Batting: LHB Jim Unknown 0-0: Ball
1-0: Ball
2-0: Ball
3-0: Base on Balls
Mario Castillo to second
Batting: RHB Gonzalo Manuel 0-0: Sac Bunt - play at third, runner OUT! 1-5
Jim Unknown to second
Batting: LHB Jim Unknown 0-0: Ball
1-0: Grounds out, U3 (Groundball, 3L)
Jim Unknown to third
Batting: RHB Jim Unknown 0-0: Ball
1-0: Called Strike
1-1: Ball
2-1: Foul Ball, location: 2F
2-2: Ball
3-2: Foul Ball, location: 2F
3-2: Fly out, F9 (Line Drive, 9LD)
Top of the 8th over - 3 run(s), 4 hit(s), 0 error(s), 2 left on base; Tacoma 11 - Atlantic City 5
BOTTOM OF THE 8TH
Atlantic City Sonics batting - Pitching for Tacoma Fur Traders : RHP Jeff Lee
Batting: RHB Martín Álvarez 0-0: Called Strike
0-1: Ground out 5-3 (Groundball, 5S)
Batting: RHB Stephen Blair 0-0: Ball
1-0: Called Strike
1-1: Ball
2-1: Ball
3-1: Foul Ball, location: 2F
3-2: Foul Ball, location: 2F
3-2: Foul Ball, location: 2F
3-2: SOLO HOME RUN (Flyball, 7D), Distance : 370 ft
Batting: LHB Kip Burks 0-0: Called Strike
0-1: Foul Ball, location: 2F
0-2: Strikes out swinging
Batting: RHB Brad Jacobson 0-0: TRIPLE (Groundball, 3L)
Batting: RHB Robbie Chambers 0-0: Foul Ball, location: 2F
0-1: Foul Ball, location: 2F
0-2: Ball
1-2: Ball
2-2: Strikes out swinging
Bottom of the 8th over - 1 run(s), 2 hit(s), 0 error(s), 1 left on base; Tacoma 11 - Atlantic City 6
TOP OF THE 9TH
Tacoma Fur Traders batting - Pitching for Atlantic City Sonics : LHP Miguel Canó
Batting: RHB Ronald Hines 0-0: Called Strike
0-1: Ball
1-1: Called Strike
1-2: Ball
2-2: Foul Ball, location: 2F
2-2: Ball
3-2: Base on Balls
Batting: RHB Tony Romero 0-0: Sac Bunt - play at first, batter OUT! 2-3
Ronald Hines to second
Batting: RHB Cristo González 0-0: Ball
1-0: Foul Ball, location: 2F
1-1: Ball
2-1: Ground out 6-3 (Groundball, 6S)
Ronald Hines to third
Batting: RHB Jim Unknown 0-0: Called Strike
0-1: Ball
1-1: Swinging Strike
1-2: Ball
2-2: Foul Ball, location: 2F
2-2: Foul Ball, location: 2F
2-2: Foul Ball, location: 2F
2-2: Fly out, F2 (Popup, 2RF)
Top of the 9th over - 0 run(s), 0 hit(s), 0 error(s), 1 left on base; Tacoma 11 - Atlantic City 6
BOTTOM OF THE 9TH
Atlantic City Sonics batting - Pitching for Tacoma Fur Traders : RHP Jeff Lee
Batting: LHB Mark Evans 0-0: Called Strike
0-1: Ball
1-1: Foul Ball, location: 2F
1-2: Ground out U3 (Groundball, 3S)
Batting: RHB Patrizio Vanali 0-0: Ball
1-0: Called Strike
1-1: SINGLE (Line Drive, 7M)
Pitching: RHP Jim Unknown
Batting: RHB Bartolo Morales 0-0: Ball
1-0: Foul Ball, location: 2F
1-1: Ball
2-1: Swinging Strike
2-2: Fielders Choice at 2nd, 5-4 (Groundball, 5)
Batting: LHB Héctor Torres 0-0: Ball
1-0: Ball
2-0: Fly out, F7 (Popup, 7S)
Bottom of the 9th over - 0 run(s), 1 hit(s), 0 error(s), 1 left on base; Tacoma 11 - Atlantic City 6
This league is powered by Out of the Park Baseball, the baseball management simulation game for PC, Mac and Linux
Friday, January 22nd, 2016 - OOTP Baseball 16.9 Build 39